Map: World of Sleepers LE

Players

HAS

  • Race: Protoss Protoss
  • Spawn Location: 7:00

Reynor - Winner!

  • Race: Zerg Zerg
  • League: Master
  • Spawn Location: 1:00

Event: NationWars 2019

VOD

Have the link to the VOD?

Description

Time

  • Played on: Nov. 15, 2019, 12:30 p.m.
  • Length: 11:33

All games in this series

Show
View Real Time Build Order
Export as new Build Order

HAS Protoss 

Build Orders: 1 Gate Expand 

Get SALT Encoding   

  12  0:00  Probe  
  13  0:13  Probe  
  14  0:22  Pylon  
  14  0:25  Probe  
  15  0:31  Assimilator  
  15  0:40  Probe (Chrono Boost)  
  16  0:44  Gateway  
  17  0:50  Probe (Chrono Boost)  
  17  0:55  Probe (Chrono Boost)  
  18  1:06  Probe  
  19  1:20  Nexus  
  19  1:31  Cybernetics Core  
  19  1:33  Probe  
  19  1:39  Assimilator  
  20  1:45  Probe  
  21  1:49  Pylon  
  21  1:57  Probe  
  22  2:07  Adept (Chrono Boost)  
  22  2:09  Probe  
  22  2:11  Warp Gate  
  25  2:18  Robotics Facility  
  25  2:21  Probe  
  25  2:30  Stalker  
  25  2:33  Probe x2  
  29  2:45  Probe  
  29  2:48  Twilight Council  
  29  2:49  Probe  
  31  2:58  Probe  
  35  3:06  Immortal (Chrono Boost)  
  38  3:14  Gateway  
  36  3:20  Gateway  
  36  3:22  Probe, Sentry  
  36  3:23  Probe  
  40  3:29  Gateway  
  40  3:37  Warp Prism (Chrono Boost)  
  42  3:47  Gateway  
  42  3:51  Pylon  
  42  3:57  Probe x2  
  42  3:59  Sentry  
  46  4:12  Pylon x2, Sentry  
  46  4:15  Pylon  
  48  4:17  Zealot  
  48  4:21  Zealot  
  52  4:32  Sentry x2  
  52  4:35  Zealot  
  58  4:51  Zealot x2  
  60  4:54  Probe x2  
  60  4:56  Zealot  
  60  4:57  Zealot x2  
  64  5:07  Probe x2  
  66  5:15  Stalker x2  
  66  5:17  Zealot  
  66  5:18  Zealot x2  
  70  5:22  Warp Prism (Chrono Boost)  
  70  5:27  Probe x2  
  58  5:39  Probe x2  
  58  5:41  Robotics Bay  
  60  5:44  Assimilator  
  60  5:55  Pylon  
  60  5:57  Observer (Chrono Boost)  
  60  6:00  Probe x2  
  60  6:03  Assimilator  
  63  6:06  Gateway  
  63  6:08  Sentry  
  63  6:09  Zealot x3  
  63  6:11  Gateway  
  71  6:16  Probe  
  71  6:17  Probe  
  73  6:22  Pylon  
  73  6:26  Disruptor (Chrono Boost)  
  76  6:33  Zealot x4  
  76  6:36  Observer  
  76  6:38  Pylon  
  76  6:39  Pylon  
  84  6:55  Disruptor (Chrono Boost)  
  87  7:03  Stalker x4  
  95  7:12  Zealot  
  97  7:23  Pylon  
  97  7:24  Pylon  
  97  7:26  Pylon  
  97  7:42  Pylon  
  97  7:43  Stalker x6  
  101  8:09  Stalker x3, Sentry x2  
  101  8:10  Stalker x2  
  59  8:37  Probe  
  59  8:38  Probe  
  60  8:43  Sentry x2  
  60  8:47  Disruptor (Chrono Boost)  
  62  8:49  Shield Battery  
  62  8:50  Observer, Shield Battery  
  62  8:52  Shield Battery  
  62  8:59  Stalker x2  
  62  9:00  Stalker x2  
  70  9:08  Zealot x3  
  76  9:32  Colossus (Chrono Boost), Zealot  
  76  9:35  Cybernetics Core  
  83  9:53  Nexus  
  83  9:55  Pylon  
  83  10:13  Robotics Facility  
  82  10:17  Stalker x7  
  76  10:46  Stalker x6  
  76  10:47  Stalker  
Show
View Real Time Build Order
Export as new Build Order

Reynor Zerg - Winner!

Build Orders: Hatch First 

Get SALT Encoding   

  12  0:01  Drone  
  13  0:12  Overlord  
  13  0:17  Drone  
  14  0:30  Drone x2  
  16  0:48  Hatchery  
  15  0:51  Drone  
  15  0:56  Drone  
  17  0:59  Drone  
  18  1:10  Extractor  
  17  1:13  Spawning Pool  
  17  1:17  Drone  
  17  1:20  Drone  
  18  1:28  Drone  
  19  1:39  Drone  
  20  1:49  Overlord  
  20  2:00  Zergling x4  
  20  2:01  Queen x2  
  26  2:10  Drone  
  26  2:12  Drone  
  29  2:22  Drone  
  29  2:27  Hatchery  
  28  2:32  Drone  
  28  2:34  Drone  
  28  2:36  Pneumatized Carapace  
  30  2:38  Drone  
  30  2:44  Overlord  
  31  2:45  Drone  
  32  2:52  Queen  
  32  2:54  Zergling x2  
  32  2:57  Drone  
  36  3:04  Drone x2  
  36  3:05  Metabolic Boost  
  38  3:10  Drone x2  
  40  3:16  Overlord  
  40  3:17  Drone  
  40  3:19  Drone  
  42  3:26  Zergling x2  
  43  3:32  Drone  
  43  3:34  Queen  
  46  3:44  Drone  
  46  3:45  Roach Warren, Drone x4  
  46  3:46  Drone  
  46  3:47  Extractor  
  46  3:48  Drone  
  51  3:50  Zergling x2  
  51  3:53  Zergling x2  
  51  3:54  Zergling x2  
  54  3:57  Overlord  
  54  4:00  Zergling x2  
  55  4:06  Zergling x4  
  55  4:09  Spine Crawler  
  56  4:12  Queen  
  60  4:17  Zergling x8  
  60  4:22  Overlord  
  62  4:25  Roach  
  62  4:26  Roach  
  66  4:32  Overlord  
  66  4:42  Zergling x8  
  66  4:43  Zergling x8  
  73  4:46  Ravager  
  73  4:50  Ravager  
  73  4:51  Roach x2, Zergling x2  
  78  4:53  Zergling x4  
  78  4:59  Zergling x4  
  80  5:04  Roach  
  74  5:07  Roach  
  74  5:13  Roach  
  76  5:19  Roach x2, Zergling x2  
  73  5:25  Zergling x2  
  73  5:27  Lair  
  71  5:29  Drone  
  71  5:32  Drone  
  71  5:35  Drone  
  71  5:41  Hatchery, Drone x3  
  71  5:42  Evolution Chamber, Drone  
  73  5:45  Drone  
  74  5:54  Overlord  
  74  5:56  Drone  
  75  5:59  Extractor  
  75  6:03  Drone  
  75  6:07  Drone  
  75  6:08  Extractor  
  75  6:09  Zerg Melee Weapons Level 1  
  75  6:11  Baneling Nest  
  75  6:14  Ravager  
  75  6:16  Zergling x2  
  76  6:19  Drone  
  76  6:25  Drone  
  78  6:26  Glial Reconstitution  
  78  6:27  Roach x3  
  78  6:30  Overseer  
  84  6:33  Overlord x2  
  84  6:34  Overlord x2  
  84  6:53  Drone x4  
  88  6:55  Drone  
  88  6:57  Drone x5  
  88  6:58  Centrifical Hooks  
  94  7:01  Zergling x2  
  94  7:06  Zergling x2  
  96  7:10  Zergling x4  
  97  7:16  Roach  
  97  7:19  Zergling x2  
  97  7:22  Roach  
  102  7:25  Ravager, Zergling x12  
  102  7:26  Baneling x9, Ravager  
  102  7:29  Zergling x2  
  112  7:30  Zergling x2, Unknown  
  112  7:31  Queen x2  
  112  7:33  Baneling x3  
  112  7:34  Baneling  
  112  7:35  Zergling x2  
  116  7:38  Zergling x2  
  116  7:41  Zergling x2  
  116  7:43  Zergling x6  
  121  7:45  Baneling x4  
  121  7:51  Overlord x2  
  121  8:00  Overseer  
  112  8:06  Zergling x16  
  112  8:08  Baneling x10  
  112  8:12  Zergling x2  
  121  8:14  Baneling x2  
  121  8:17  Zergling x4  
  122  8:24  Zergling x6  
  122  8:25  Zergling x2  
  122  8:26  Roach  
  108  8:29  Roach  
  108  8:32  Zergling x2  
  103  8:37  Roach  
  103  8:40  Zergling x2  
  103  8:41  Overseer  
  106  8:43  Roach x3, Zergling x6  
  106  8:46  Zerg Melee Weapons Level 2  
  114  8:49  Drone  
  112  8:56  Hatchery, Drone x3  
  112  8:58  Baneling x10  
  112  9:01  Drone x2  
  112  9:07  Drone  
  112  9:15  Roach x2, Zergling x4  
  118  9:18  Zergling x4  
  118  9:25  Drone x2  
  118  9:28  Drone  
  113  9:35  Zergling x6  
  116  9:43  Overlord x2, Drone x5  
  121  9:47  Baneling x12  
  121  9:50  Roach x2, Zergling x2  
  126  9:59  Roach x2, Zergling x2  
  131  10:05  Zergling x12  
  137  10:09  Drone  
  137  10:10  Drone  
  137  10:11  Spire, Drone  
  137  10:12  Roach, Zergling x2  
  137  10:14  Zergling x2  
  143  10:15  Ravager x2  
  145  10:22  Zergling x6  
  145  10:24  Zergling x2  
  146  10:34  Zergling x8  
  145  10:41  Zergling x20  
  146  10:49  Zergling x6  
  147  10:51  Roach  
  140  10:59  Zergling x6  
Tags
 
Add a new tag
Caveats
  • Supply blocks, unpowered buildings, or Contaminate may cause inaccurate times.
  • Supply counts are checked every 10 seconds.